PBL
NEW YORK YANKEES @ CLEVELAND INDIANS
03/08/2071
 
TOP OF THE 1ST
New York Yankees batting - Pitching for Cleveland Indians : RHP Joe Thompson
Pitching: RHP Joe Thompson
Batting: SHB Rafael Ruíz 0-0: Ball
1-0: SINGLE (Line Drive, 6M, EV 100.0 MPH)
Batting: LHB Guy Donnelly 0-0: Ball
1-0: Swinging Strike
1-1: Called Strike
1-2: Strikes out swinging
Batting: LHB Anthony Thomas 0-0: Fly out, F7 (Flyball, 7LM, EV 94.4 MPH)
Batting: LHB Dave Welch 0-0: Foul Ball, location: 2F
0-1: Ball
1-1: Foul Ball, location: 3DF
1-2: Ground out U3 (Groundball, 3, EV 98.1 MPH)
Top of the 1st over - 0 runs, 1 hit, 0 errors, 1 left on base; New York 0 - Cleveland 0
BOTTOM OF THE 1ST
Cleveland Indians batting - Pitching for New York Yankees : RHP Ron White
Pitching: RHP Ron White
Batting: RHB Cisco Reyes 0-0: Ball
1-0: Called Strike
1-1: DOUBLE (Line Drive, 5D, EV 97.5 MPH)
Batting: LHB Jorge Morán 0-0: Called Strike
0-1: Ball
1-1: Called Strike
1-2: Ball
2-2: Ground out U3 (Groundball, 3L, EV 106.3 MPH)
Cisco Reyes to third
Batting: LHB Tony Locke 0-0: Called Strike
0-1: Ball
1-1: Ball
2-1: Ball
3-1: Swinging Strike
3-2: Foul Ball, location: 2F
3-2: Base on Balls
Batting: LHB Ralph Brunskill 0-0: Called Strike
0-1: Grounds into double play, 1-6-3 (Groundball, 34S, EV 69.4 MPH)
Bottom of the 1st over - 0 runs, 1 hit, 0 errors, 1 left on base; New York 0 - Cleveland 0
TOP OF THE 2ND
New York Yankees batting - Pitching for Cleveland Indians : RHP Joe Thompson
Batting: RHB Bennie Gordon 0-0: Called Strike
0-1: Ball
1-1: Ground out U3 (Groundball, 34, EV 90.0 MPH)
Batting: RHB Wing Rang 0-0: Ball
1-0: Ball
2-0: Ball
3-0: Base on Balls
Batting: LHB Carlos Herrera 0-0: Fly out, F5 (Popup, 5, EV 76.9 MPH)
Batting: RHB Nick Hannah 0-0: Called Strike
0-1: Swinging Strike
0-2: Strikes out swinging
Top of the 2nd over - 0 runs, 0 hits, 0 errors, 1 left on base; New York 0 - Cleveland 0
BOTTOM OF THE 2ND
Cleveland Indians batting - Pitching for New York Yankees : RHP Ron White
Batting: SHB Adam Emery 0-0: Called Strike
0-1: Fly out, F9 (Flyball, 9S, EV 75.0 MPH)
Batting: RHB Ramón Murillo 0-0: Ball
1-0: Ball
2-0: Ball
3-0: Called Strike
3-1: Called Strike
3-2: Strikes out swinging, 2-3 out at first.
Batting: RHB Mike Robinson 0-0: Ball
1-0: Foul Ball, location: 2F
1-1: Foul Ball, location: 25F
1-2: Strikes out looking
Bottom of the 2nd over - 0 runs, 0 hits, 0 errors, 0 left on base; New York 0 - Cleveland 0
TOP OF THE 3RD
New York Yankees batting - Pitching for Cleveland Indians : RHP Joe Thompson
Batting: LHB Diego Galindo 0-0: Ball
1-0: Ball
2-0: Ball
3-0: Called Strike
3-1: Base on Balls
Batting: SHB Rafael Ruíz 0-0: Called Strike
0-1: Ball
1-1: Foul Ball, location: 7LDF
1-2: Ball
2-2: Fielders Choice at 2nd, 4-6 (Groundball, 34, EV 79.4 MPH)
Batting: LHB Guy Donnelly 0-0: Called Strike
0-1: Foul Ball, location: 7LSF
0-2: Strikes out swinging
Batting: LHB Anthony Thomas 0-0: Ball
1-0: Ball
2-0: Swinging Strike
2-1: Foul Ball, location: 2LF
2-2: Strikes out swinging, 2-3 out at first.
Top of the 3rd over - 0 runs, 0 hits, 0 errors, 1 left on base; New York 0 - Cleveland 0
BOTTOM OF THE 3RD
Cleveland Indians batting - Pitching for New York Yankees : RHP Ron White
Batting: RHB Fedyenka Tiguntsev 0-0: Swinging Strike
0-1: Ball
1-1: Swinging Strike
1-2: Strikes out swinging
Batting: RHB Albin Gilbert 0-0: Fly out, F2 (Popup, 23F, EV 81.3 MPH)
Batting: RHB Cisco Reyes 0-0: Foul Ball, location: 9LMF
0-1: Ball
1-1: Ball
2-1: Ball
3-1: Fly out, F4 (Line Drive, 4, EV 62.5 MPH)
Bottom of the 3rd over - 0 runs, 0 hits, 0 errors, 0 left on base; New York 0 - Cleveland 0
TOP OF THE 4TH
New York Yankees batting - Pitching for Cleveland Indians : RHP Joe Thompson
Batting: LHB Dave Welch 0-0: Ball
1-0: Foul Ball, location: 3F
1-1: Ball
2-1: Foul Ball, location: 7LDF
2-2: Reached on error, E2 (Groundball, 15S, EV 75.6 MPH)
Batting: RHB Bennie Gordon 0-0: Ball
1-0: Swinging Strike
1-1: SINGLE (Line Drive, 6M, EV 106.3 MPH)
Dave Welch to third
Batting: RHB Wing Rang 0-0: Fly out, F7 (Flyball, 78S, EV 85.6 MPH)
Runner from 3rd tags up, SCORES, throw by LF
Batting: LHB Carlos Herrera 0-0: Foul Ball, location: 3F
0-1: Called Strike
0-2: Foul Ball, location: 25FF
0-2: Strikes out swinging
Batting: RHB Nick Hannah 0-0: Foul Ball, location: 25FF
0-1: Called Strike
0-2: Strikes out swinging
Top of the 4th over - 1 run, 1 hit, 1 error, 1 left on base; New York 1 - Cleveland 0
BOTTOM OF THE 4TH
Cleveland Indians batting - Pitching for New York Yankees : RHP Ron White
Batting: LHB Jorge Morán 0-0: Called Strike
0-1: Foul Ball, location: 7LMF
0-2: Ball
1-2: Ball
2-2: Ball
3-2: Foul Ball, location: 2F
3-2: Ground out 3-1 (Groundball, 34, EV 89.4 MPH)
Pitching: RHP Doug Thomas
Batting: LHB Tony Locke 0-0: SOLO HOME RUN (Flyball, 9D, EV 105.6 MPH), Distance : 390 ft
Batting: LHB Ralph Brunskill 0-0: Fly out, F8 (Line Drive, 89M, EV 89.4 MPH)
Batting: SHB Adam Emery 0-0: Hit by Pitch
Batting: RHB Ramón Murillo 0-0: Ball
1-0: Swinging Strike
1-1: Ball
2-1: Foul Ball, location: 2F
2-2: Ball
3-2: Base on Balls
Adam Emery to second
Batting: RHB Mike Robinson 0-0: Ball
1-0: Foul Ball, location: 9LMF
1-1: Fly out, F9 (Flyball, 9S, EV 86.9 MPH)
Bottom of the 4th over - 1 run, 1 hit, 0 errors, 2 left on base; New York 1 - Cleveland 1
TOP OF THE 5TH
New York Yankees batting - Pitching for Cleveland Indians : RHP Joe Thompson
Batting: LHB Diego Galindo 0-0: Foul Ball, location: 7LSF
0-1: Foul Ball, location: 2F
0-2: Foul Ball, location: 2F
0-2: Ball
1-2: Ball
2-2: Strikes out swinging, 2-3 out at first.
Pinch Hitting: RHB Bogdan Pavelko 0-0: Ground out 6-3 (Groundball, 6, EV 80.0 MPH)
Batting: LHB Guy Donnelly 0-0: Ball
1-0: Ball
2-0: Foul Ball, location: 7LMF
2-1: SOLO HOME RUN (Flyball, 89XD, EV 106.9 MPH), Distance : 443 ft
Batting: LHB Anthony Thomas 0-0: Foul Ball, location: 3DF
0-1: Called Strike
0-2: Strikes out swinging
Top of the 5th over - 1 run, 1 hit, 0 errors, 0 left on base; New York 2 - Cleveland 1
BOTTOM OF THE 5TH
Cleveland Indians batting - Pitching for New York Yankees : RHP Doug Thomas
Now at SS: Ángel Gusmán
Now in LF: Bogdan Pavelko
Now in CF: Anthony Thomas
Batting: RHB Fedyenka Tiguntsev 0-0: Ball
1-0: Called Strike
1-1: Swinging Strike
1-2: Strikes out swinging
Batting: RHB Albin Gilbert 0-0: Ground out 5-3 (Groundball, 56, EV 85.6 MPH)
Batting: RHB Cisco Reyes 0-0: Ball
1-0: Foul Ball, location: 25F
1-1: Ball
2-1: Ball
3-1: Foul Ball, location: 5FF
3-2: Ground out 5-3 (Groundball, 56, EV 82.5 MPH)
Bottom of the 5th over - 0 runs, 0 hits, 0 errors, 0 left on base; New York 2 - Cleveland 1
TOP OF THE 6TH
New York Yankees batting - Pitching for Cleveland Indians : RHP Joe Thompson
Pitching: RHP Alonso Flores
Now in CF: Wilber Lahoda
Batting: LHB Dave Welch 0-0: Called Strike
0-1: Ball
1-1: Foul Ball, location: 2F
1-2: Ground out 4-3 (Groundball, 4, EV 86.9 MPH)
Pinch Hitting: RHB Chris Anderson 0-0: Called Strike
0-1: Ball
1-1: Ball
2-1: Ball
3-1: Foul Ball, location: 2F
3-2: Base on Balls
Pinch Hitting: RHB Matt Marples 0-0: Ball
1-0: Ball
2-0: Foul Ball, location: 23F
2-1: Ball
3-1: 2-RUN HOME RUN (Flyball, 7D, EV 98.8 MPH), Distance : 372 ft
Batting: LHB Carlos Herrera 0-0: Ball
1-0: Called Strike
1-1: Ball
2-1: Ball
3-1: Base on Balls
Pinch Hitting: SHB Tony Aponte 0-0: Foul Ball, location: 2F
0-1: Ball
1-1: Ball
2-1: Foul Ball, location: 2F
2-2: Strikes out looking
Batting: RHB Ángel Gusmán 0-0: Foul Ball, location: 2F
0-1: Ball
1-1: Ball
2-1: Foul Ball, location: 2F
2-2: Foul Ball, location: 9LMF
2-2: Strikes out swinging
Top of the 6th over - 2 runs, 1 hit, 0 errors, 1 left on base; New York 4 - Cleveland 1
BOTTOM OF THE 6TH
Cleveland Indians batting - Pitching for New York Yankees : RHP Doug Thomas
Now at 1B: Matt Marples
Now at 2B: Chris Anderson
Now at 3B: Tony Aponte
Now in LF: Matt Adams
Now in CF: Bogdan Pavelko
Pinch Hitting: RHB Hubert Merritt 0-0: Called Strike
0-1: Called Strike
0-2: Ground out 6-3 (Groundball, 6D, EV 95.6 MPH)
Pinch Hitting: LHB Bill Martínez 0-0: Ball
1-0: Called Strike
1-1: Ball
2-1: Ball
3-1: Called Strike
3-2: Base on Balls
Pinch Hitting: RHB Cheung Fang Pickoff Play to 1st, Runner tries for 2nd, OUT after rundown.
0-0: Ball
1-0: Swinging Strike
1-1: Ball
2-1: Called Strike
2-2: Ball
3-2: Strikes out swinging
Bottom of the 6th over - 0 runs, 0 hits, 0 errors, 0 left on base; New York 4 - Cleveland 1
TOP OF THE 7TH
New York Yankees batting - Pitching for Cleveland Indians : RHP Alonso Flores
Now at C: Nathaniel Tomsett
Now at 1B: Bill Martínez
Now at 2B: Gonzalo González
Now at 3B: Gonzalo Mendoza
Now at SS: Juan Galindo
Now in LF: Hubert Merritt
Now in RF: Albin Gilbert
Batting: RHB Bogdan Pavelko 0-0: Foul Ball, location: 7LSFF
0-1: Swinging Strike
0-2: Ground out 6-3 (Groundball, 6, EV 83.1 MPH)
Pinch Hitting: LHB José Bustamante 0-0: Swinging Strike
0-1: Foul Ball, location: 3FF
0-2: Ball
1-2: Strikes out looking
Batting: RHB Matt Adams 0-0: Ball
1-0: Ball
2-0: Foul Ball, location: 5SF
2-1: Ball
3-1: TRIPLE (Line Drive, 78XD, EV 108.1 MPH)
Pitching: RHP Paco Bernard
Batting: LHB Dave Welch 0-0: Ball
1-0: Ball
2-0: Called Strike
2-1: Ball
3-1: Foul Ball, location: 3SF
3-2: 2-RUN HOME RUN (Flyball, 89XD, EV 111.3 MPH), Distance : 441 ft
Batting: RHB Chris Anderson 0-0: Called Strike
0-1: Fly out, F8 (Flyball, 8LD, EV 91.3 MPH)
Top of the 7th over - 2 runs, 2 hits, 0 errors, 0 left on base; New York 6 - Cleveland 1
BOTTOM OF THE 7TH
Cleveland Indians batting - Pitching for New York Yankees : RHP Doug Thomas
Pitching: LHP Bill Blain
Now in RF: José Bustamante
Batting: RHB Gonzalo Mendoza 0-0: Ball
1-0: Ball
2-0: Fly out, F7 (Flyball, 7D, EV 100.0 MPH)
Batting: RHB Wilber Lahoda 0-0: Foul Ball, location: 5F
0-1: Called Strike
0-2: Ball
1-2: Strikes out swinging
Batting: RHB Gonzalo González 0-0: Ball
1-0: Ball
2-0: Swinging Strike
2-1: Foul Ball, location: 2F
2-2: Foul Ball, location: 9LMF
2-2: Ball
3-2: Base on Balls
Batting: RHB Juan Galindo 0-0: Called Strike
0-1: Fielders Choice at 2nd, 6-4 (Groundball, 6, EV 100.0 MPH)
Bottom of the 7th over - 0 runs, 0 hits, 0 errors, 1 left on base; New York 6 - Cleveland 1
TOP OF THE 8TH
New York Yankees batting - Pitching for Cleveland Indians : RHP Paco Bernard
Pitching: RHP Jesús Morán
Batting: RHB Matt Marples 0-0: Foul Ball, location: 2F
0-1: Ground out 6-3 (Groundball, 6, EV 101.9 MPH)
Batting: LHB Carlos Herrera 0-0: Ball
1-0: Foul Ball, location: 3SF
1-1: SINGLE (Groundball, P, EV 91.3 MPH) (infield hit)
Batting: SHB Tony Aponte 0-0: Fly out, F9 (Flyball, 9LM, EV 100.6 MPH)
Batting: RHB Ángel Gusmán 0-0: Ball
1-0: Foul Ball, location: 5SF
1-1: Called Strike
1-2: Strikes out swinging
Top of the 8th over - 0 runs, 1 hit, 0 errors, 1 left on base; New York 6 - Cleveland 1
BOTTOM OF THE 8TH
Cleveland Indians batting - Pitching for New York Yankees : LHP Bill Blain
Batting: RHB Albin Gilbert 0-0: Ball
1-0: Ground out 6-3 (Groundball, 6, EV 86.3 MPH)
Batting: LHB Harumi Sato 0-0: Ball
1-0: Called Strike
1-1: Ground out 3-1 (Groundball, 34S, EV 85.6 MPH)
Batting: RHB Hubert Merritt 0-0: Foul Ball, location: 3SF
0-1: Ball
1-1: Fly out, F4 (Popup, 34S, EV 82.5 MPH)
Bottom of the 8th over - 0 runs, 0 hits, 0 errors, 0 left on base; New York 6 - Cleveland 1
TOP OF THE 9TH
New York Yankees batting - Pitching for Cleveland Indians : RHP Jesús Morán
Pitching: RHP Carroll Tena
Pinch Hitting: RHB Dick Peters 0-0: Called Strike
0-1: Called Strike
0-2: Ball
1-2: Ball
2-2: Ground out 6-3 (Groundball, 6, EV 81.9 MPH)
Batting: LHB José Bustamante 0-0: Called Strike
0-1: Ball
1-1: Swinging Strike
1-2: Strikes out swinging
Batting: RHB Matt Adams 0-0: Ball
1-0: Ball
2-0: Called Strike
2-1: Foul Ball, location: 2F
2-2: Strikes out swinging
Top of the 9th over - 0 runs, 0 hits, 0 errors, 0 left on base; New York 6 - Cleveland 1
BOTTOM OF THE 9TH
Cleveland Indians batting - Pitching for New York Yankees : LHP Bill Blain
Pitching: LHP Guillermo Rodríguez
Now in CF: Alfredo Tovar
Batting: LHB Bill Martínez 0-0: Fly out, F6 (Line Drive, 6, EV 68.1 MPH)
Batting: SHB Nathaniel Tomsett 0-0: Swinging Strike
0-1: Ball
1-1: Fly out, F7 (Line Drive, 7S, EV 106.3 MPH)
Batting: RHB Gonzalo Mendoza 0-0: SINGLE (Line Drive, 89S, EV 96.9 MPH)
Batting: RHB Wilber Lahoda 0-0: Called Strike
0-1: Foul Ball, location: 9LSF
0-2: Foul Ball, location: 5DF
0-2: Ball
1-2: DOUBLE (Flyball, 8LXD, EV 98.1 MPH)
Gonzalo Mendoza to third
Batting: RHB Gonzalo González 0-0: Ball
1-0: Ball
Wild Pitch!
Gonzalo Mendoza scores
Wilber Lahoda to third
2-0: Called Strike
2-1: Swinging Strike
2-2: Strikes out swinging
Bottom of the 9th over - 1 run, 2 hits, 0 errors, 1 left on base; New York 6 - Cleveland 2
Thursday, March 28th , 2024 - OOTP Baseball 24.10 Build 82